 Dungeon Crawl Stone Soup version 0.17-a0-1651-gae1a69f (webtiles) character file.

32 kae the Chiller (level 3, -4/24 HPs)
             Began as a Demonspawn Ice Elementalist on Aug 14, 2015.
             Slain by Natasha (10 damage)
             ... on level 2 of the Dungeon.
             The game lasted 00:02:17 (1440 turns).

kae the Chiller (Demonspawn Ice Elementalist)       Turns: 1440, Time: 00:02:17

Health: -4/24      AC:  2    Str:  8    XL:     3   Next: 8%
Magic:  0/6        EV: 12    Int: 17    God:
Gold:   24         SH:  0    Dex: 13    Spells: 2 memorised, 3 levels left

rFire  . . .     SeeInvis .     d - +0 whip
rCold  . . .     Clarity  .     a - +0 robe
rNeg   . . .     SustAt   .     (no shield)
rPois  .         Gourm    .     (no helmet)
rElec  .         Spirit   +     (no cloak)
rCorr  .         Warding  .     (no gloves)
rMut   .         Stasis   +     (no boots)
MR     .....                    k - amulet of stasis
Stlth  ++........               (no ring)
                                (no ring)

@: not resistant to hostile enchantments, unstealthy
A: magic shield
a: no special abilities


You were on level 2 of the Dungeon.
You were not hungry.

You visited 1 branch of the dungeon, and saw 2 of its levels.

You collected 24 gold pieces.

Inventory:

Hand weapons
 d - a +0 whip (weapon)
Armour
 a - a +0 robe (worn)
Jewellery
 k - an amulet of stasis (around neck)
 n - an uncursed ring of fire {unknown}
Scrolls
 e - a scroll of remove curse {unknown}
 g - a scroll of immolation {unknown}
 h - 2 scrolls of noise {unknown}
 i - a scroll of random uselessness {unknown}
 j - a scroll of teleportation {unknown}
Potions
 f - 2 potions of curing {unknown}
 m - a potion of brilliance {unknown}
Books
 b - a book of Frost

   Spells                             Type                      Level
   a - Freeze                         Ice                          1
   b - Throw Frost                    Conjuration/Ice              2
   c - Ozocubu's Armour               Charms/Ice                   3
   d - Throw Icicle                   Conjuration/Ice              4
   e - Summon Ice Beast               Ice/Summoning                4
   f - Condensation Shield            Ice                          4
Comestibles
 c - 2 bread rations
 l - a chunk of flesh


   Skills:
 - Level 1.7 Dodging
 - Level 1.7 Stealth
 + Level 2.4 Spellcasting
 * Level 1.8 Conjurations
 * Level 3.2 Ice Magic


You had 3 spell levels left.
You knew the following spells:

 Your Spells              Type           Power        Failure   Level  Hunger
a - Freeze                Ice            ##..         6%          1    #......
b - Throw Frost           Conj/Ice       ##....       12%         2    ##.....


Dungeon Overview and Level Annotations

Branches:
Dungeon (2/15)

Altars:
Fedhas

Annotations:
D:2 Natasha


Innate Abilities, Weirdness & Mutations

When hurt, damage is shared between your health and your magic reserves.


Message History

Natasha claws you.
Casting: Freeze
Confirm with . or Enter, or press ? or * to list all spells.
You don't have enough magic to cast that spell.
You hit Natasha.
Natasha is almost dead.
Natasha closely misses you.
The crimson imp blinks!
You barely miss Natasha.
Natasha is almost dead.
Natasha drinks a potion.
Natasha is healed!
You closely miss Natasha. Natasha closely misses you.
The crimson imp blinks!
Natasha barely misses you.
You closely miss Natasha.
The crimson imp disappears for a moment.
Natasha claws you.
* * * LOW HITPOINT WARNING * * *
You hit Natasha.
Natasha is lightly wounded.
Natasha claws you!
You die...

#.##.####.########
#.##.# #.# #.##5#
#.# #..#.# #.#
#..#.# #.# #....#
#.# #.#..# #.#
#.#..# #.##@#
#.##h# #.##5##
#.##K5# ...(.#
#.##..# .....#
#.##..# .....#
#.##..##.....#
#......#.....#
######.#.....#


You could see Natasha, 3 crimson imps and a kobold.

Vanquished Creatures
  A giant gecko (D:1)
  2 giant cockroaches (D:1)
  8 hobgoblins
  A quokka (D:2)
  7 bats
  A giant newt (D:2)
  2 goblins
  3 kobolds (D:1)
  2 rats (D:1)
27 creatures vanquished.

Notes
Turn   | Place    | Note
--------------------------------------------------------------
     0 | D:1      | kae the Demonspawn Ice Elementalist began the quest for the Orb.
     0 | D:1      | Reached XP level 1. HP: 13/13 MP: 3/3
   273 | D:1      | Reached skill level 3 in Ice Magic
   296 | D:1      | Gained mutation: When hurt, damage is shared between your health and your magic reserves. [demonic ancestry]
   296 | D:1      | Reached XP level 2. HP: 7/19 MP: 0/5
   593 | D:1      | Learned a level 2 spell: Throw Frost
  1055 | D:2      | Found a blossoming altar of Fedhas.
  1400 | D:2      | Reached XP level 3. HP: 22/24 MP: 4/6
  1411 | D:2      | Noticed Natasha
  1440 | D:2      | Slain by Natasha

Vault maps used:
D:1:      dpeg_arrival_central, feat_on_display
D:2:      gammafunk_temple_overflow_pools, overflow_temple_1_default,
          first_bread, ecumenical_altar_2, uniq_natasha

Action                   || total
-------------------------++-------
Melee: Whip              ||    29
 Cast: Freeze            ||    40
 Stab: Sleeping          ||     3
  Eat: Chunk             ||     2
